 Dungeon Crawl Stone Soup version 0.20.1-1-g8b1a95d (webtiles) character file.

582 dohliylev the Covert (level 7, -1/51 HPs)
             Began as a Vampire Assassin on July 8, 2017.
             Succumbed to Zachthehappycat's ghost's poison
             ... in an ossuary.
             The game lasted 00:20:58 (3310 turns).

dohliylev the Covert (Vampire Assassin)             Turns: 3310, Time: 00:20:59

Health: -1/51      AC:  6    Str: 10    XL:     7   Next: 14%
Magic:  6/7        EV: 13    Int: 14    God:
Gold:   185        SH:  0    Dex: 17    Spells: 6/6 levels left

rFire    . . .     SeeInvis +   a - +2 dagger
rCold    . . .     Gourm    .   (no shield)
rNeg     + . .     Faith    .   q - +0 robe
rPois    .         Spirit   .   m - +2 helmet
rElec    .         Reflect  .   d - +0 cloak
rCorr    .         Harm     .   (no gloves)
MR       .....                  (no boots)
Stlth    ++++......             n - amulet of regeneration
Regen    0.6/turn               (no ring)
MPRegen  0.1/turn               (no ring)

@: lethally poisoned (-1 -> -6)
A: fangs 3, see invisible, unbreathing
a: Bat Form


You were in an ossuary.
You were not thirsty.

You visited 1 branch of the dungeon, and saw 5 of its levels.
You also visited: Ossuary.

You collected 185 gold pieces.

Inventory:

Hand Weapons
 a - a +2 dagger (weapon)
 b - a +0 blowgun
 w - a cursed +0 rapier
Missiles
 e - 31 poisoned needles
 f - 6 curare-tipped needles
 o - 5 javelins of returning (quivered)
Armour
 d - a +0 cloak (worn)
 m - a +2 helmet (worn)
 q - a +0 robe (worn)
 u - a +1 chain mail of positive energy
Jewellery
 n - an amulet of regeneration (around neck)
Wands
 v - a wand of iceblast (2/15)
Scrolls
 h - 2 scrolls of immolation {unknown}
 i - 3 scrolls of remove curse {unknown}
 j - 3 scrolls of identify {unknown}
 k - 2 scrolls of teleportation {unknown}
 x - a scroll of blinking {unknown}
Potions
 c - a potion of brilliance {unknown}
 g - 15 potions of blood
 l - 2 potions of haste {unknown}
 p - a potion of mutation {unknown}
 r - a potion of degeneration {unknown}
 s - a potion of heal wounds {unknown}
 t - a potion of cancellation {unknown}


   Skills:
 * Level 2.9 Fighting
 * Level 4.8 Short Blades
 + Level 3.3 Throwing
 + Level 3.0 Dodging
 + Level 8.5 Stealth


You had 6 spell levels left.
You didn't know any spells.

Dungeon Overview and Level Annotations

Branches:
Dungeon (5/15)
 Temple: D:4-7

Altars:

Shops:
D:5 }

Annotations:
D:4 tidbits's ghost, weakling FeEn
D:5 Dowan; Duvessa; simples's ghost, novice MiBe Ossuary Zachthehappycat's ghost, novice MiBe


Innate Abilities, Weirdness & Mutations

You have razor-sharp teeth.
You have supernaturally acute eyesight. (SInv)
You can survive without breathing.


Message History

* * * LOW HITPOINT WARNING * * *
You feel sick.
* * * LOW HITPOINT WARNING * * *
You feel sick.
* * * LOW HITPOINT WARNING * * *
You feel sick.
* * * LOW HITPOINT WARNING * * *
You feel sick.
* * * LOW HITPOINT WARNING * * *
You feel sick.
* * * LOW HITPOINT WARNING * * *
You feel sick.
There is a gate leading back out of this place here.
Your transformation has ended.
Your +2 dagger unmelds from your body.
Your +0 cloak unmelds from your body.
Your +2 helmet unmelds from your body.
Your +0 robe unmelds from your body.
* * * LOW HITPOINT WARNING * * *
You feel sick.
Yummy - fresh blood!
You die...

##....##
#M...#
#.W..#
#....#
#....#
#....#
#....#
#....#
#.@∩.#
######


You could see a mummy and Zachthehappycat's ghost.

Vanquished Creatures
  An ogre (D:4)
  A scorpion (D:5)
  A jelly (D:4)
  3 orc wizards
  An orc priest (D:4)
  2 hounds
  2 iguanas (D:4)
  A worker ant (D:4)
  A big kobold zombie (Ossuary)
  4 mummies (Ossuary)
  2 adders
  A worm (D:3)
  3 leopard geckos
  11 orcs
  5 giant cockroaches
  6 goblins
  6 hobgoblins
  2 quokkas
  9 bats
  7 frilled lizards
  A gnoll zombie (Ossuary)
  2 hobgoblin zombies (Ossuary)
  7 kobolds
  2 kobold zombies (Ossuary)
  2 orc zombies (Ossuary)
  3 rats
86 creatures vanquished.

Notes
Turn   | Place    | Note
-------+----------+-------------------------------------------
     0 | D:1      | dohliylev the Vampire Assassin began the quest for the Orb.
     0 | D:1      | Reached XP level 1. HP: 16/16 MP: 1/1
    50 | D:1      | Reached skill level 6 in Stealth
   105 | D:1      | Reached XP level 2. HP: 18/22 MP: 2/2
   506 | D:1      | Reached skill level 7 in Stealth
   794 | D:2      | Reached XP level 3. HP: 27/27 MP: 3/3
  1495 | D:3      | Reached XP level 4. HP: 33/33 MP: 4/4
  1799 | D:3      | Reached skill level 8 in Stealth
  1921 | D:4      | Noticed tidbits's ghost (weakling FeEn)
  2048 | D:4      | Reached XP level 5. HP: 38/38 MP: 5/5
  2361 | D:4      | Reached XP level 6. HP: 38/46 MP: 6/6
  2793 | D:5      | Entered Level 5 of the Dungeon
  2838 | D:5      | Noticed simples's ghost (novice MiBe)
  2925 | D:5      | Found Ibbeg's Gadget Shop.
  2993 | D:5      | Noticed Duvessa
  3019 | D:5      | Noticed Dowan
  3097 | D:5      | Found a sand-covered staircase.
  3101 | Ossuary  | Entered an ossuary
  3150 | Ossuary  | Reached XP level 7. HP: 51/51 MP: 7/7
  3274 | Ossuary  | Noticed Zachthehappycat's ghost (novice MiBe)
  3306 | Ossuary  | HP: 2/51 [poisoned by Zachthehappycat's ghost]
  3310 | Ossuary  | Succumbed to Zachthehappycat's ghost's poison

Skill      XL: |  1  2  3  4  5  6  7 |
---------------+----------------------+-----
Stealth        | 6 7 8 |  8.5
Fighting       | 2 |  2.9
Short Blades   | 3 4 |  4.8
Throwing       | 2 3 |  3.3
Dodging        | 2 3 |  3.0

Action                   |  1- 3 |  4- 6 |  7- 9 || total
-------------------------+-------+-------+-------++-------
Melee: Dagger            |   146 |   170 |    51 ||   367
       Bite              |    20 |    15 |     9 ||    44
 Fire: Blowgun           |    10 |    21 |       ||    31
Throw: Javelin           |       |     4 |    14 ||    18
 Abil: End Transformatio |       |     3 |     1 ||     4
       Bat Form          |       |     3 |     1 ||     4
  Use: Potion            |       |       |     1 ||     1
 Stab: Sleeping          |     6 |     7 |       ||    13
  Eat: Corpse            |    11 |     3 |       ||    14
Armor: Robe              |    43 |    26 |     5 ||    74
Dodge: Dodged            |    96 |    88 |    21 ||   205
